 Dungeon Sprint DCSS version 0.21-a0-50-g941c862 (webtiles) character file.

3093 Kidiri the Grappler (level 9, -4/89 HPs)
             Began as a Troll Transmuter on June 11, 2017.
             Was a High Priest of Wu Jian.
             Slain by a vampire knight
             ... wielding a +3 battleaxe of chopping
              (34 damage)
             ... while paralysed by a vampire knight
             ... in the Dungeon (Sprint VII: "The Pits").
             The game lasted 00:09:59 (1141 turns).

Kidiri the Grappler (Troll Transmuter)              Turns: 1141, Time: 00:10:00

Health: -4/89      AC:  8    Str: 20    XL:     9   Next: 59%
Magic:  18/18      EV:  1    Int: 12    God:    Wu Jian [*****.]
Gold:   0          SH:  0    Dex: 16    Spells: 15/21 levels left

rFire    . . .     SeeInvis .     - Unarmed
rCold    . . .     Gourm    +   (no shield)
rNeg     . . .     Faith    .   b - +0 robe
rPois    .         Spirit   .   (helmet restricted)
rElec    .         Reflect  .   v - +0 cloak
rCorr    .         Harm     .   (gloves unavailable)
MR       .....     NoTele   +   (boots unavailable)
Stlth    +.........             (no amulet)
Regen    0.7/turn               r - +3 ring of dexterity
MPRegen  0.2/turn               s - +3 ring of intelligence

@: paralysed, lethally poisoned (-4 -> -5), glowing, heavenly storm
A: unfitting armour, claws 3, slimy green scales 1, blurry vision 1, fast
metabolism 3, gourmand, regeneration 1, shaggy fur 1, tough skin 2
a: Serpent's Lash, Heavenly Storm, Renounce Religion


You were in the Dungeon.
You worshipped Wu Jian.
Wu Jian was extremely pleased with you.
You were not hungry.

You visited 1 branch

Inventory:

Armour
 b - a +0 robe (worn)
 v - a +0 cloak (worn)
Jewellery
 r - a +3 ring of dexterity (left claw)
 s - a +3 ring of intelligence (right claw)
Scrolls
 j - a scroll of blinking
 l - 3 scrolls of remove curse
 m - 5 scrolls of amnesia
 n - a scroll of summoning
Potions
 e - 4 potions of curing
 f - 12 potions of heal wounds
 g - a potion of haste
 h - 4 potions of magic
 i - 5 potions of berserk rage
 k - 2 potions of invisibility
 t - a potion of brilliance
Books
 c - a book of Changes

   Spells                             Type                      Level
   a - Beastly Appendage              Transmutation                1
   b - Sticks to Snakes               Transmutation                2
   c - Spider Form                    Transmutation/Poison         3
   d - Ice Form                       Ice/Transmutation            4
   e - Blade Hands                    Transmutation                5
Comestibles
 d - 9 bread rations
 o - 40 fruits
 p - 7 meat rations


   Skills:
 + Level 6.0 Fighting
 + Level 6.0 Armour
 * Level 8.8 Dodging
 * Level 10.6 Unarmed Combat
 * Level 6.7 Spellcasting
 * Level 7.4 Transmutations


You had 15 spell levels left.
You knew the following spells:

 Your Spells              Type           Power        Failure   Level  Hunger
a - Beastly Appendage     Tmut           ###...       1%          1    None
b - Blade Hands           Tmut           ###.......   22%         5    ######.


Dungeon Overview and Level Annotations

Branches:
Dungeon (1/1)

Altars:
Ashenzari
Cheibriados
Dithmenos
Elyvilon
Fedhas
Gozag
Hepliaklqana
Kikubaaqudgha
Makhleb
Nemelex Xobeh
Okawaru
Qazlal
Ru
Sif Muna
Trog
Uskayaw
Vehumet
Wu Jian
Xom
Yredelemnul
Zin
The Shining One
Beogh
Jiyva
Lugonu


Innate Abilities, Weirdness & Mutations

You are too large for most types of armour.
You have claws for hands.
Your metabolism is lightning-fast.
You like to eat raw meat.
Your natural rate of healing is unusually fast.
You are covered in fur. (AC +1)
You have very tough skin. (AC +2)
You are partially covered in slimy green scales. (AC +2)
Scrolls take you a little longer to read.


Message History

The vampire knight is lightly damaged.
You feel sick.
The vampire knight mumbles some strange words.
The vampire knight flickers and vanishes for a moment.
There is an open door here.
You hear some strange, mumbled words.
Unknown command.
You feel sick. The vampire knight misses you.
The vampire knight bites you but does no damage.
There is an open door here.
Unknown command.
You spin and attack the vampire knight.
You claw the vampire knight!
The vampire knight is lightly damaged.
You feel sick.
The vampire knight points at you and mumbles some strange words.
You suddenly lose the ability to move!
The vampire knight points at you and mumbles some strange words.
You shrug off the repeated paralysis!
The sea snake bites you!
The vampire knight hits you with a battleaxe of chopping!!
You die...

+................+
#......#..#......#
#................#
####+#####''######
#.......##''# ##### ##
#.......##..###§§§# ..'
#.......##...##§§§# ..#
#...<...###...##§##..##
#.......# ##..§S@V§...#
#.......#
#..###§###...#
#.......##..##§§§§§## #
##########..+.§§§§§§+
##########..##§§§§§##
...#..[(###. ###+###
...#..[[# ## %..+..))#
...#..))#


You could see a vampire knight (invisible) and a sea snake.

Vanquished Creatures
  A swamp dragon (D)
  A flayed ghost (D)
  A smoke demon (D)
  A red devil (D)
  A hornet (D)
  A hippogriff (D)
  A redback (D)
  A shadow (D)
  A hungry ghost (D)
  A warg (D)
  A porcupine (D)
  A black bear (D)
  An ogre (D)
  A bullfrog (D)
  A crimson imp (D)
  2 orc wizards (D)
  4 worker ants (D)
  A white imp (D)
  An ufetubus (D)
  An ooze (D)
  An adder skeleton (D)
  2 orcs (D)
  A bat zombie (D)
  A goblin (D)
  A quokka (D)
  A frilled lizard (D)
  A jackal zombie (D)
  4 kobolds (D)
  A rat (D)
37 creatures vanquished.

Notes
Turn   | Place    | Note
-------+----------+-------------------------------------------
     0 | D        | Kidiri the Troll Transmuter began the quest for the Orb.
     0 | D        | Reached XP level 1. HP: 18/18 MP: 1/1
    13 | D        | Reached skill level 1 in Fighting
    46 | D        | Found a bloodstained altar of Trog.
    46 | D        | Found a deep blue altar of Sif Muna.
    46 | D        | Found a viscous altar of Jiyva.
    46 | D        | Found a hazy altar of Hepliaklqana.
    46 | D        | Found an opulent altar of Gozag.
    47 | D        | Found a glowing golden altar of the Shining One.
    47 | D        | Found a glowing silver altar of Zin.
    47 | D        | Found a basalt altar of Yredelemnul.
    47 | D        | Found a shimmering altar of Xom.
    47 | D        | Found an ornate altar of the Wu Jian Council.
    47 | D        | Found a sacrificial altar of Ru.
    47 | D        | Found a stormy altar of Qazlal.
    47 | D        | Found an iron altar of Okawaru.
    47 | D        | Found a sparkling altar of Nemelex Xobeh.
    47 | D        | Found a burning altar of Makhleb.
    47 | D        | Found a blossoming altar of Fedhas.
    47 | D        | Found a white marble altar of Elyvilon.
    47 | D        | Found a shadowy altar of Dithmenos.
    47 | D        | Found a snail-covered altar of Cheibriados.
    49 | D        | Found a radiant altar of Vehumet.
    49 | D        | Found a corrupted altar of Lugonu.
    49 | D        | Found a roughly hewn altar of Beogh.
    50 | D        | Found a hide-covered altar of Uskayaw.
    50 | D        | Found an ancient bone altar of Kikubaaqudgha.
    50 | D        | Found a shattered altar of Ashenzari.
    56 | D        | Became a worshipper of the Wu Jian Council
   101 | D        | Noticed a worker ant
   103 | D        | Reached * piety under Wu Jian
   108 | D        | Killed a worker ant
   108 | D        | Reached skill level 1 in Armour
   108 | D        | Reached skill level 4 in Unarmed Combat
   108 | D        | Reached XP level 2. HP: 13/27 MP: 4/4
   108 | D        | Reached XP level 3. HP: 16/33 MP: 5/5
   173 | D        | Reached ** piety under Wu Jian
   240 | D        | Reached *** piety under Wu Jian
   361 | D        | Noticed a porcupine
   430 | D        | Reached skill level 5 in Unarmed Combat
   430 | D        | Reached XP level 4. HP: 34/42 MP: 5/7
   438 | D        | Killed a porcupine
   438 | D        | Reached skill level 6 in Unarmed Combat
   438 | D        | Reached XP level 5. HP: 25/53 MP: 5/9
   444 | D        | Reached **** piety under Wu Jian
   479 | D        | Learned a level 5 spell: Blade Hands
   537 | D        | Noticed an ogre
   549 | D        | Killed an ogre
   549 | D        | Reached skill level 5 in Dodging
   549 | D        | Reached XP level 6. HP: 32/61 MP: 9/11
   608 | D        | Reached ***** piety under Wu Jian
   608 | D        | Reached skill level 7 in Unarmed Combat
   612 | D        | Noticed a hippogriff
   620 | D        | Killed a hippogriff
   620 | D        | Reached XP level 7. HP: 43/70 MP: 11/13
   666 | D        | Noticed a hungry ghost
   678 | D        | Reached skill level 8 in Unarmed Combat
   678 | D        | Reached skill level 5 in Transmutations
   707 | D        | Killed a hungry ghost
   707 | D        | Reached skill level 5 in Spellcasting
   829 | D        | Noticed a swamp dragon
   829 | D        | Noticed a shadow
   838 | D        | Killed a shadow
   838 | D        | Reached XP level 8. HP: 77/79 MP: 14/14
   847 | D        | Killed a swamp dragon
   847 | D        | Reached skill level 5 in Fighting
   847 | D        | Reached skill level 5 in Armour
   847 | D        | Reached skill level 9 in Unarmed Combat
   895 | D        | Gained mutation: You are weak. (Str -2) [potion of mutation]
   895 | D        | Gained mutation: Armour fits poorly on your strangely shaped body. [potion of mutation]
   895 | D        | Lost mutation: You are weak. (Str -2) [potion of mutation]
   896 | D        | Lost mutation: Armour fits poorly on your strangely shaped body. [potion of mutation]
   896 | D        | Gained mutation: Scrolls take you a little longer to read. [potion of mutation]
   896 | D        | Gained mutation: You are partially covered in slimy green scales. (AC +2) [potion of mutation]
   980 | D        | Noticed a smoke demon
   981 | D        | Noticed a flayed ghost
   989 | D        | Killed a flayed ghost
   989 | D        | Reached XP level 9. HP: 12/88 MP: 15/17
   989 | D        | Killed a smoke demon
   989 | D        | Reached skill level 10 in Unarmed Combat
   989 | D        | Noticed a sea snake
  1125 | D        | Noticed a red devil
  1131 | D        | Killed a red devil
  1135 | D        | Noticed a vampire knight
  1140 | D        | Paralysed by a vampire knight for 2 turns
  1141 | D        | Slain by a vampire knight

Vault maps used:
D:        pitsprint

Skill      XL: |  1  2  3  4  5  6  7  8  9 |
---------------+----------------------------+-----
Fighting       | 1 2 3 4 5 6 |  6.0
Dodging        | 2 3 4 5 6 8 |  8.8
Armour         | 1 2 3 4 5 6 |  6.0
Unarmed Combat | 4 5 6 7 8 9 10 | 10.6
Spellcasting   | 2 3 4 5 6 |  6.7
Transmutations | 2 3 4 5 6 7 |  7.4

Action                   |  1- 3 |  4- 6 |  7- 9 || total
-------------------------+-------+-------+-------++-------
Melee: Unarmed           |    38 |    44 |    76 ||   158
       Punch             |     1 |     1 |     2 ||     4
Invok: Heavenly Storm    |       |       |     2 ||     2
       Serpent's Lash    |       |       |     2 ||     2
  Use: Potion            |     1 |     1 |     4 ||     6
 Stab: Sleeping          |       |     2 |       ||     2
  Eat: Chunk             |     5 |     2 |    13 ||    20
Armor: Robe              |    10 |     1 |     9 ||    20
Dodge: Dodged            |    19 |    22 |    46 ||    87
